 Dungeon Crawl Stone Soup version 0.29-a0-322-g68df515428 (webtiles) character file.

Game seed: 12288137422451682300

2929 CowFu the Martial Artist (level 9, -7/70 HPs)
             Began as a Red Draconian Transmuter on Apr 5, 2022.
             Was an Elder of Hepliaklqana.
             Mangled by a hornet (13 damage)
             ... on level 9 of the Dungeon.
             The game lasted 00:11:51 (10475 turns).

CowFu the Martial Artist (DrTm)                    Turns: 10475, Time: 00:11:52

Health: -7/70      AC:  7    Str: 12    XL:     9   Next: 50%
Magic:  12/12      EV: 15    Int: 13    God:    Hepliaklqana [****..]
Gold:   469        SH:  0    Dex: 17    Spells: 9/12 levels left

rFire   + . .      SeeInvis .     - Unarmed
rCold   . . .      Faith    .   (no shield)
rNeg    + . .      Spirit   .   (body armour unavailable)
rPois   .          Reflect  .   (helmet currently unavailable)
rElec   .          Harm     .   (no cloak)
rCorr   .          Rampage  .   (no gloves)
Will    .....                   (boots currently unavailable)
Stlth   ++........              (no amulet)
HPRegen 0.21/turn               v - ring of positive energy
MPRegen 0.13/turn               (no ring)

@: appendages (expiring), slowed, very slow
A: horns 2, talons 2, reduced essence, breathe fire, AC +7, unfitting armour,
fire resistance 1, cold-blooded
a: Breathe Fire, End Transformation, Renounce Religion, Recall Ancestor,
Ancestor Identity, Transference, Idealise


You were on level 9 of the Dungeon.
You worshipped Hepliaklqana.
Hepliaklqana was greatly pleased with you.
You had temporarily grown beastly horns and talons.
You visited 1 branch of the dungeon, and saw 9 of its levels.
You also visited: Sewer.

You collected 469 gold pieces.

Inventory:

Missiles
 e - 2 throwing nets
 p - 2 silver javelins
 q - 3 boomerangs
Armour
 l - a +0 pair of boots (melded)
 o - a +0 pair of gloves
 z - a +0 tower shield
Jewellery
 n - a ring of ice
 v - a ring of positive energy (left hand)
Wands
 u - a wand of acid (8)
 D - a wand of paralysis (8)
 E - a wand of digging (5)
Scrolls
 b - 2 scrolls of fog
 d - a scroll of fear {unknown}
 g - 4 scrolls of immolation {unknown}
 i - a scroll of vulnerability {unknown}
 k - 4 scrolls of amnesia {unknown}
 r - 3 scrolls of enchant weapon {unknown}
 s - 4 scrolls of noise {unknown}
 y - a scroll of holy word {unknown}
 A - a scroll of blinking {unknown}
 B - a scroll of silence {unknown}
 G - 2 scrolls of enchant armour {unknown}
 J - a scroll of summoning {unknown}
 K - a scroll of teleportation
Potions
 a - 2 potions of lignification
 c - a potion of cancellation
 f - a potion of attraction {unknown}
 h - 5 potions of curing
 j - 4 potions of brilliance {unknown}
 m - 3 potions of degeneration {unknown}
 t - 2 potions of invisibility {unknown}
 w - 6 potions of haste {unknown}
 x - a potion of mutation {unknown}
 C - 3 potions of heal wounds
 F - 2 potions of might {unknown}
 H - a potion of ambrosia {unknown}
 I - a potion of magic {unknown}


   Skills:
 + Level 6.5 Fighting
 + Level 5.6 Dodging
 * Level 9.0 Unarmed Combat
 - Level 2.0 Spellcasting
 + Level 6.1 Transmutations


You had 9 spell levels left.
You knew the following spells:

 Your Spells              Type           Power      Damage    Failure   Level
a - Beastly Appendage     Tmut           34%        N/A       1%          1
b - Wereblood             Tmut           17%        N/A       3%          2

Your spell library contained the following spells:

 Spells                   Type           Power      Damage    Failure   Level
 Spider Form              Tmut/Pois      9%         N/A       22%         3
 Slow                     Hex            4%         N/A       26%         1
 Ice Form                 Ice/Tmut       9%         N/A       56%         4
 Confusing Touch          Hex            1%         N/A       58%         3
 Gell's Gravitas          Tloc           1%         N/A       58%         3
 Teleport Other           Tloc           1%         N/A       58%         3
 Vampiric Draining        Necr           1%         2d6       58%         3
 Cause Fear               Hex            0%         N/A       94%         4
 Dispersal                Tloc           0%         N/A       100%        6
 Dragon Form              Tmut           8%         N/A       100%        7
 Dragon's Call            Summ           0%         N/A       100%        9


Dungeon Overview and Level Annotations

Branches:
Dungeon (9/15)             Temple (0/1) D:5           Sewer (visited)
   Lair: D:8-11         Orc: D:9-12

Altars:
Dithmenos
Hepliaklqana
Nemelex Xobeh
Okawaru
Ru
Uskayaw
The Shining One

Shops:
D:8 (


Innate Abilities, Weirdness & Mutations

You have temporarily grown beastly horns and talons.
Your life essence is reduced to manifest your ancestor. (-10% HP)
You can breathe blasts of fire.
Your fiery red scales are hard. (AC +7)
You cannot fit into any form of body armour.
Your flesh is heat resistant. (rF+)
You are cold-blooded and may be slowed by cold attacks.


Message History

You feel better. The hornet closely misses you.
The bullfrog hits you but does no damage.
The bullfrog completely misses you. The hornet stings you.
You feel as though you will be slow longer.
Belshunu closely misses the hornet.
You hit the hornet but do no damage.
The hornet is severely wounded.
The hornet stings you but does no damage.
The bullfrog barely misses you.
Belshunu barely misses the hornet.
The bullfrog misses you. The hornet stings you!
* * * LOW HITPOINT WARNING * * *
You feel as though you will be slow longer.
You closely miss the hornet. You claw the hornet.
The hornet is severely wounded.
The bullfrog hits you but does no damage.
The hornet misses you.
Belshunu barely misses the hornet.
The bullfrog hits you but does no damage.
The hornet stings you!
* * * LOW HITPOINT WARNING * * *
You feel as though you will be slow longer.
Belshunu barely misses the hornet.
You hit the hornet. Your kick misses the hornet.
Your tail-slap misses the hornet.
Your punch misses the hornet.
The hornet is almost dead.
The bullfrog releases a deep croak.
The bullfrog misses you. The hornet barely misses you.
The bullfrog closely misses you.
Belshunu misses the hornet.
The hornet stings you.
* * * LOW HITPOINT WARNING * * *
You feel as though you will be slow longer.
You miss the hornet.
Your tail-slap misses the hornet.
You punch the hornet.
The hornet is almost dead.
Your transformation is almost over.
The bullfrog hits you.
* * * LOW HITPOINT WARNING * * *
The hornet stings you but does no damage.
Belshunu closely misses the hornet.
The bullfrog hits you but does no damage.
The hornet stings you!
You die...

.........# ........##
. #........# ..
#........#...
#.^..........
####+####...!........
#............RF......
#............@y......
#...........)........
#........##.#########
#........##.#
#........##.#
####'######.# ####.##
#.# #.....# #.#
#.....#


You could see the friendly Belshunu the knight, a hornet (ally target) and a
bullfrog.

Vanquished Creatures
  A hornet (D:8)
  A steam dragon (D:9)
  A water moccasin (D:7)
  A black bear (D:8)
  4 centaurs
  2 bullfrogs (D:8)
  A necrophage (D:7)
  A gnoll sergeant (D:6)
  A howler monkey (D:7)
  4 jellies
  3 hounds
  A gnoll shaman (D:7)
  5 iguanas
  3 orc wizards
  4 gnolls (D:7)
  4 adders
  2 white imps
  2 worms
  A dart slug (D:5)
  17 orcs
  8 bats
  12 endoplasms
  6 giant cockroaches
  6 goblins
  7 hobgoblins
  2 jackals (D:1)
  A quokka (D:4)
  5 ball pythons
  2 frilled lizards
  14 kobolds
  9 rats
131 creatures vanquished.

Vanquished Creatures (collateral kills)
  2 black bears
  An ogre (D:6)
  A kobold brigand (D:7)
  A bullfrog (D:7)
  2 necrophages
  A gnoll sergeant (D:7)
  A scorpion (D:5)
  3 wights
  A howler monkey (D:7)
  A jelly (Sewer)
  A hound (D:7)
  An orc priest (D:8)
  An iguana (D:5)
  3 orc wizards
  7 gnolls
  2 adders
  2 river rats (Sewer)
  A shadow imp (D:5)
  9 orcs
  An endoplasm (D:1)
  2 hobgoblins
  2 kobolds
  A ball python (D:1)
  2 frilled lizards
  2 rats
51 creatures vanquished.

Vanquished Creatures (others)
  An ancestor (D:1)
1 creature vanquished.

Grand Total: 183 creatures vanquished

Notes
Turn   | Place    | Note
-------+----------+-------------------------------------------
     0 | D:1      | CowFu the Draconian Transmuter began the quest for the Orb.
     0 | D:1      | Reached XP level 1. HP: 16/16 MP: 3/3
   198 | D:1      | Reached XP level 2. HP: 22/23 MP: 5/5
   519 | D:1      | Found a faded altar of an unknown god.
   550 | D:1      | Prayed at the altar of an unknown god.
   550 | D:1      | Became a worshipper of Hepliaklqana the Forgotten
   550 | D:1      | Reached * piety under Hepliaklqana
   675 | D:1      | Reached XP level 3. HP: 6/26 MP: 4/6
  2031 | D:2      | Found a sparkling altar of Nemelex Xobeh.
  2215 | D:2      | Reached ** piety under Hepliaklqana
  2216 | D:2      | Remembered your ancestor Belshunu as a knight
  2673 | D:3      | Reached XP level 4. HP: 32/32 MP: 5/7
  2992 | D:3      | Learned a level 2 spell: Wereblood
  3011 | D:3      | Reached skill level 4 in Unarmed Combat
  3653 | D:4      | Reached XP level 5. HP: 37/37 MP: 6/8
  4180 | D:4      | Reached *** piety under Hepliaklqana
  4370 | D:5      | Entered Level 5 of the Dungeon
  4575 | D:5      | Noticed a centaur
  4585 | D:5      | Killed a centaur
  4586 | D:5      | Reached XP level 6. HP: 32/45 MP: 7/9
  4782 | D:5      | Reached skill level 5 in Unarmed Combat
  5005 | D:5      | Found a staircase to the Ecumenical Temple.
  5091 | D:5      | Found a glowing golden altar of the Shining One.
  5672 | D:5      | Your scales start taking on a fiery red colour.
  5672 | D:5      | Reached XP level 7. HP: 24/51 MP: 8/10
  5672 | D:5      | Gained mutation: Your flesh is heat resistant. (rF+) [Red
                  | Draconian growth]
  6069 | D:6      | Reached skill level 6 in Unarmed Combat
  6119 | D:6      | Found a glowing drain.
  6123 | Sewer    | Entered a sewer
  6262 | Sewer    | Found a viscous altar of Jiyva.
  6595 | D:6      | Reached **** piety under Hepliaklqana
  6612 | D:6      | Reached XP level 8. HP: 23/60 MP: 11/11
  7490 | D:7      | Found a shadowy altar of Dithmenos.
  7499 | D:7      | Reached skill level 7 in Unarmed Combat
  7790 | D:7      | Reached skill level 5 in Fighting
  7847 | D:7      | Reached skill level 5 in Transmutations
  7851 | D:7      | Found a sacrificial altar of Ru.
  8575 | D:7      | Reached skill level 5 in Dodging
  8575 | D:7      | Reached skill level 8 in Unarmed Combat
  8954 | D:7      | Found an iron altar of Okawaru.
  8989 | D:7      | Reached XP level 9. HP: 67/67 MP: 10/12
  9890 | D:8      | Paralysed by a hornet for 1 turns
 10008 | D:8      | Found a hide-covered altar of Uskayaw.
 10251 | D:8      | Found Ylisaqoesh's Antique Weapon Shop.
 10340 | D:9      | Reached skill level 9 in Unarmed Combat
 10475 | D:9      | Mangled by a hornet

Illustrated notes

Levels and vault maps discovered:
D:1:      psy_arrival_radial01, layout_loops_ring,
          chequers_ecumenical_altar_twisty, minmay_tetromino_i2
D:2:      layout_loops_ring, basic_altar
D:3:      layout_basic
D:4:      layout_cave_pools
D:5:      layout_gridville, kennysheep_mini_moat,
          minmay_temple_entry_gardened_gates
D:6:      layout_loops_ring, gup_sewer_entry_bowl
D:7:      layout_gridville, okawaru_altar_gauntlet_db,
          nicolae_dithmenos_shadow_blocks, lemuel_tele_altar
D:8:      layout_loops_cross, nicolae_uskayaw_suspiria, serial_shops,
          kennysheep_mini
D:9:      layout_basic

Skill      XL: |  1  2  3  4  5  6  7  8  9 |
---------------+----------------------------+-----
Dodging        | 2 3 4 5 |  5.6
Fighting       | 2 3 4 5 6 |  6.5
Unarmed Combat | 4 5 6 8 9 |  9.0
Transmutations | 3 4 5 6 |  6.1
Spellcasting   | |  2.0

Action                   |  1- 3 |  4- 6 |  7- 9 || total
-------------------------+-------+-------+-------++-------
Melee: Unarmed           |   120 |   122 |   222 ||   464
       Kick              |    23 |    34 |    61 ||   118
       Tailslap          |    11 |    13 |    41 ||    65
       Headbutt          |    11 |    17 |    43 ||    71
       Punch             |     2 |     3 |    18 ||    23
 Cast: Beastly Appendage |    39 |    29 |    84 ||   152
Invok: Ancestor Life: Kn |     1 |       |       ||     1
       Recall Ancestor   |       |       |     1 ||     1
  Use: Scroll            |       |       |     5 ||     5
       Potion            |       |       |     2 ||     2
 Stab: Sleeping          |     1 |       |     2 ||     3
       Distracted        |       |     1 |       ||     1
Armor: Skin              |    49 |    38 |    81 ||   168
Dodge: Dodged            |    86 |    61 |   190 ||   337

Table legend: (Time is in decaauts)
 A = Elapsed time spent in this place.
 B = Non-inter-level travel time spent in this place.
 C = Inter-level travel time spent in this place.
 D = Time resting spent in this place.
 E = Time spent auto-exploring this place.
 F = Levels seen in this place.
 G = Mean time per level.
                   A        B        C        D        E       F      G
               +--------+--------+--------+--------+--------+-----+--------+
         Total |  10478 |  10191 |    287 |      0 |   8658 |  10 | 1047.8 |
       Dungeon |  10050 |   9763 |    287 |      0 |   8340 |   9 | 1116.7 |
         Sewer |    428 |    428 |      0 |      0 |    318 |   1 |  428.0 |
               +--------+--------+--------+--------+--------+-----+--------+

Top non-repeatable levels by time:
     D:7: 1979 daAuts
     D:5: 1626 daAuts
     D:1: 1430 daAuts
     D:2: 1120 daAuts
     D:6: 977 daAuts
     D:3: 926 daAuts
     D:8: 898 daAuts
     D:4: 884 daAuts
   Sewer: 428 daAuts
     D:9: 205 daAuts
